 Dungeon Crawl Stone Soup version 0.28-a0-1184-g53156a8862 (webtiles) character file.

Game seed: 1446066583717356493

25571 emperorscorpion the Thaumaturge (level 13, -4/95 (98) HPs)
             Began as a Gnoll Wanderer on Dec 17, 2021.
             Was an Elder of Nemelex Xobeh.
             Slain by an ancient lich (5 damage)
             ... while petrified by an ancient lich
             ... on level 1 of the Abyss.
             The game lasted 00:52:01 (12557 turns).

emperorscorpion the Thaumaturge (Gnoll Wanderer)   Turns: 12557, Time: 00:52:01

HP:   -4/95 (98)    AC: 13    Str: 15    XL:     13   Next: 20%
MP:   25/25         EV:  2    Int: 17    God:    Nemelex Xobeh [****..]
Gold: 627           SH:  0    Dex: 17    Spells: 26/33 levels left

rFire   . . .      SeeInvis .   a - +3 arbalest (flame)
rCold   . . .      Faith    .   (shield currently unavailable)
rNeg    + + +      Spirit   .   P - +0 leather armour of the Hall of Blades {Regen+ Stlth+}
rPois   ∞          Reflect  .   X - +2 hat {Int+3}
rElec   .          Harm     .   h - +0 cloak
rCorr   .          Rampage  .   m - +2 pair of gloves
Will    .....                   G - +1 pair of boots {Stlth+}
Stlth   ++++++....              s - amulet of magic regeneration
HPRegen 0.00/turn               n - +4 ring of protection
MPRegen 0.59/turn               J - +6 ring of dexterity

@: about to teleport, petrified, corroded, inhibited regen, lightly drained
A: fangs 1, strong nose, distributed training, deterioration 1, low mp 1, poison
resistance, inhibited regeneration
a: Renounce Religion, Draw Escape, Draw Destruction, Draw Summoning, Triple
Draw, Deal Four


You were on level 1 of the Abyss.
You worshipped Nemelex Xobeh.
Nemelex Xobeh was greatly pleased with you.
You visited 2 branches of the dungeon, and saw 13 of its levels.
You visited the Abyss 1 time.

You collected 899 gold pieces.
You spent 272 gold pieces at shops.

Inventory:

Hand Weapons
 a - a +3 arbalest of flaming (weapon)
 b - the +4 trident of Sunlight {drain, rElec}
   (You found it on level 12 of the Dungeon)

   A truly terrible weapon, it drains the life of any living foe it strikes.
   rElec:     It insulates you from electricity.
 o - a +1 dagger of electrocution
 t - a +2 short sword of electrocution
 R - a +2 spear of electrocution
 U - the +7 shortbow "Qiuriuvidd" {freeze, Stlth+}
   (You found it on level 1 of the Abyss)

   Any ammunition fired from it freezes those it strikes, dealing additional
   cold damage.
   It can also slow down cold-blooded creatures.
   Stlth:     It makes you more stealthy.
Missiles
 e - 18 bolts (quivered ammo)
 i - 3 javelins
 r - 26 poisoned darts
 z - 4 throwing nets
 V - 6 curare-tipped darts
Armour
 h - a +0 cloak (worn)
 m - a +2 pair of gloves (worn)
 G - a +1 pair of boots of stealth (worn)
 P - the +0 leather armour of the Hall of Blades (worn) {Regen+ Stlth+}
   (You found it on level 7 of the Dungeon)

   Regen:     It increases your rate of health regeneration.
   Stlth:     It makes you more stealthy.
 X - a +2 hat of intelligence (worn)
Jewellery
 k - a +6 ring of dexterity
 n - a +4 ring of protection (left hand)
 s - an amulet of magic regeneration (around neck)
 E - a ring of wizardry
 J - a +6 ring of dexterity (right hand)
 M - a ring of protection from cold
Wands
 j - a wand of polymorph (12)
 p - a wand of paralysis (16)
 v - a wand of flame (29)
 y - a wand of charming (14)
Scrolls
 c - a scroll of fear
 f - a scroll of identify
 q - a scroll of blinking
 F - a scroll of summoning
 L - 4 scrolls of teleportation
 N - 2 scrolls of immolation
 Q - a scroll of enchant armour
 S - 3 scrolls of brand weapon
 Z - a scroll of silence
Potions
 d - 7 potions of curing
 g - a potion of heal wounds
 l - 5 potions of might
 w - a potion of flight
 x - a potion of magic
 A - 2 potions of invisibility
 B - 3 potions of cancellation
 C - a potion of berserk rage
 H - 2 potions of brilliance
 K - a potion of attraction
 O - a potion of resistance
 T - a potion of lignification
 W - a potion of haste
 Y - a potion of ambrosia
Miscellaneous
 u - a phial of floods
 D - a condenser vane
 I - a phantom mirror


   Skills:
 + Level 8.1 Fighting
 + Level 8.1 Short Blades
 + Level 8.1 Long Blades
 + Level 8.1 Axes
 + Level 8.1 Maces & Flails
 + Level 8.1 Polearms
 + Level 8.1 Staves
 + Level 8.1 Slings
 + Level 8.1 Bows
 + Level 8.5 Crossbows
 + Level 8.1 Throwing
 + Level 8.5 Armour
 + Level 8.5 Dodging
 + Level 8.4 Stealth
 + Level 8.1 Shields
 + Level 8.1 Unarmed Combat
 + Level 10.8 Spellcasting
 + Level 6.7 Conjurations
 + Level 6.7 Hexes
 + Level 6.7 Summonings
 + Level 6.7 Necromancy
 + Level 6.7 Translocations
 + Level 6.7 Transmutations
 + Level 6.7 Fire Magic
 + Level 8.7 Ice Magic
 + Level 6.7 Air Magic
 + Level 6.7 Earth Magic
 + Level 6.7 Poison Magic
 + Level 8.8 Invocations
 + Level 8.1 Evocations


You had 26 spell levels left.
You knew the following spells:

 Your Spells              Type           Power      Damage    Failure   Level
a - Freeze                Ice            100%       1d11      1%          1
b - Frozen Ramparts       Ice            78%        1d9       1%          3
c - Ozocubu's Armour      Ice            39%        N/A       1%          3

Your spell library contained the following spells:

 Spells                   Type           Power      Damage    Failure   Level
 Sting                    Tmut/Pois      100%       1d8       1%          1
 Passwall                 Tmut/Erth      26%        N/A       1%          2
 Poisonous Vapours        Pois/Air       64%        N/A       1%          2
 Dazzling Flash           Conj/Hex       64%        N/A       1%          3
 Swiftness                Air            32%        N/A       1%          3
 Animate Dead             Necr           16%        N/A       6%          4
 Olgreb's Toxic Radiance  Pois           32%        N/A       6%          4
 Agony                    Necr           32%        N/A       16%         5
 Borgnjor's Vile Clutch   Necr/Erth      16%        N/A       16%         5
 Silence                  Hex/Air        16%        N/A       16%         5
 Death Channel            Necr           16%        N/A       65%         6


Dungeon Overview and Level Annotations

Branches:
Dungeon (12/15)            Temple (1/1) D:5            Lair (0/6) D:11
    Orc (0/2) D:10

Altars:
Ashenzari
Cheibriados
Dithmenos
Elyvilon
Fedhas
Gozag
Hepliaklqana
Kikubaaqudgha
Makhleb
Nemelex Xobeh
Okawaru
Qazlal
Ru
Sif Muna
Trog
Uskayaw
Vehumet
Wu Jian
Xom
Yredelemnul
Zin
The Shining One
Beogh

Shops:
D:8 =:?   D:9 ?

Annotations:
D:12 Erolcha


Innate Abilities, Weirdness & Mutations

You have very sharp teeth.
Your uncanny sense of smell can sniff out nearby items.
Your experience applies equally to all skills.
Your body sometimes deteriorates upon taking damage.
Your magical capacity is low. (-10% MP)
Your system is resistant to poisons. (rPois)
You do not regenerate when monsters are visible.


Message History

A small abomination comes into view.
You feel your health improve.
An ancient lich comes into view.
You draw a card...
You have drawn Pain.
Press: ? - help, Shift-Dir - straight line, f - ancient lich
Aim: an ancient lich (wandering, hasn't noticed you)
The ancient lich shouts!
The ancient lich is unaffected.
The ancient lich mumbles some strange words.
The ancient lich flickers and vanishes!
Deactivating autopickup; reactivate with Ctrl-A.
Okay, then.
As you read the scroll of teleportation, it crumbles to dust.
You feel strangely unstable.
You feel the power of the Abyss delaying your translocation!
You are suddenly pulled into a different region of the Abyss!
Found a chain mail.
Found a corrupted altar of Lugonu.
Found a runed scale mail.
You see here a +1 scale mail of fire resistance.
You hear some strange, mumbled words.
You are slowing down.
As you read the scroll of teleportation, it crumbles to dust.
You feel strangely unstable.
You feel the power of the Abyss delaying your translocation!
Your limbs are stiffening.
You clumsily bash something but do no damage.
You hear some strange, mumbled words.
A bolt of acid appears from out of thin air!
The bolt of acid hits you!!! The acid corrodes you! Something touches you!
You feel drained. Something touches you.
You feel drained.
You hear some strange, mumbled words.
A crystal spear appears from out of thin air!
The crystal spear hits you!!!!
Ouch! That really hurt!
* * * LOW HITPOINT WARNING * * *
You have turned to stone.
Something touches you!
You die...
Your body glows with a rainbow of weird colours and disappears.

## ..#.....#... #
.#.#........###
#........#..#...##
...#.#.#..#.#...#
#....._.#..... ∆
#.[.. ..#.## ..#
..###[## ##
#.#####{#..#
...#....@...#
......#..#.##.....
##....##..... ....
########....# ...
..#... .. ##.#....
. ∆...#..# .# .
...


There were no monsters in sight!

Vanquished Creatures
  A tentacled starspawn (Abyss:1)
  Gastronok (D:8)
  An eleionoma (D:11)
  A fire dragon (D:11)
  Harold (D:8)
  3 two-headed ogres
  A thrashing horror (Abyss:1)
  A wretched star (Abyss:1)
  A sixfirhy (Abyss:1)
  Pikel (D:4)
  A wolf spider (D:11)
  An ugly thing (D:12)
  2 slime creatures (D:12)
  A gargoyle (D:8)
  The ghost of Tenar the Digger, a novice DsEE of Xom (D:6)
  Psyche (D:8)
  2 ancient zymes (Abyss:1)
  A troll (D:6)
  A hornet (D:8)
  A wind drake (D:8)
  Grinder (D:5)
  A meliai zombie (D:9)
  Sigmund (D:2)
  4 wraiths
  19 yaks
  3 wyverns
  A vampire mosquito (D:11)
  A neqoxec (Abyss:1)
  2 large abominations (Abyss:1)
  2 acid dragons
  4 hell hounds (Abyss:1)
  8 water moccasins
  3 sky beasts
  7 orc warriors
  A black bear (D:6)
  2 ice beasts
  5 necrophages
  5 centaurs
  3 ogres
  2 phantoms
  A kobold brigand (D:6)
  6 bullfrogs
  5 scorpions
  A small abomination (Abyss:1)
  A wyvern skeleton (D:7)
  12 killer bees
  5 wights (D:8)
  7 howler monkeys
  2 jellies
  2 centaur zombies
  8 quasits
  3 bullfrog zombies
  7 hounds
  A centaur skeleton (D:6)
  2 gnoll shamans
  8 orc priests
  3 bullfrog skeletons (D:6)
  4 iguanas
  Ijyb (D:3)
  22 orc wizards
  A statue (D:7)
  2 howler monkey zombies
  9 gnolls
  4 adders
  A white imp (Abyss:1)
  2 worms
  2 dart slugs
  38 orcs
  4 endoplasms
  3 giant cockroaches
  6 goblins
  6 hobgoblins (D:1)
  2 jackals (D:1)
  16 kobolds
  3 quokkas
  8 ball pythons
  3 bats
  6 frilled lizards
  5 rats
  A lurking horror (Abyss:1)
  A starspawn tentacle (Abyss:1)
323 creatures vanquished.

Vanquished Creatures (collateral kills)
  Josephine (D:12)
  A slime creature (D:12)
  A centaur (D:9)
  A quasit (Abyss:1)
  An orc (D:9)
5 creatures vanquished.

Vanquished Creatures (others)
  48 fungi (D:11)
  45 plants
  A starspawn tentacle (Abyss:1)
94 creatures vanquished.

Grand Total: 422 creatures vanquished

Notes
Turn   | Place    | Note
-------+----------+-------------------------------------------
     0 | D:1      | emperorscorpion the Gnoll Wanderer began the quest for the
                  | Orb.
     0 | D:1      | emperorscorpion set off with the following items: a +0 hand
                  | crossbow, 26 bolts, a +0 scale mail; and the following
                  | spell memorised: Freeze; and the following spells available
                  | to memorise: Frozen Ramparts, Ozocubu's Armour
     0 | D:1      | Reached XP level 1. HP: 13/13 MP: 8/8
    64 | D:1      | Reached XP level 2. HP: 17/19 MP: 10/10
   426 | D:1      | Reached XP level 3. HP: 25/25 MP: 9/11
   825 | D:2      | Noticed Sigmund
   926 | D:2      | Reached skill level 1 in Invocations
  1496 | D:2      | Killed Sigmund
  1497 | D:2      | Reached skill level 1 in Fighting
  1497 | D:2      | Reached skill level 1 in Short Blades
  1497 | D:2      | Reached skill level 1 in Long Blades
  1497 | D:2      | Reached skill level 1 in Axes
  1497 | D:2      | Reached skill level 1 in Maces & Flails
  1497 | D:2      | Reached skill level 1 in Polearms
  1497 | D:2      | Reached skill level 1 in Staves
  1497 | D:2      | Reached skill level 1 in Slings
  1497 | D:2      | Reached skill level 1 in Bows
  1497 | D:2      | Reached skill level 1 in Throwing
  1497 | D:2      | Reached skill level 1 in Shields
  1497 | D:2      | Reached skill level 1 in Unarmed Combat
  1497 | D:2      | Reached skill level 1 in Conjurations
  1497 | D:2      | Reached skill level 1 in Hexes
  1497 | D:2      | Reached skill level 1 in Summonings
  1497 | D:2      | Reached skill level 1 in Necromancy
  1497 | D:2      | Reached skill level 1 in Translocations
  1497 | D:2      | Reached skill level 1 in Transmutations
  1497 | D:2      | Reached skill level 1 in Fire Magic
  1497 | D:2      | Reached skill level 1 in Air Magic
  1497 | D:2      | Reached skill level 1 in Earth Magic
  1497 | D:2      | Reached skill level 1 in Poison Magic
  1497 | D:2      | Reached skill level 1 in Evocations
  1497 | D:2      | Reached XP level 4. HP: 5/32 MP: 11/13
  1497 | D:2      | Reached XP level 5. HP: 6/37 MP: 11/14
  1996 | D:2      | Learned a level 3 spell: Frozen Ramparts
  2000 | D:2      | Learned a level 3 spell: Ozocubu's Armour
  2039 | D:3      | Noticed Ijyb
  2054 | D:1      | Reached XP level 6. HP: 17/44 MP: 8/16
  2482 | D:3      | Found a faded altar of an unknown god.
  2691 | D:3      | Killed Ijyb
  3196 | D:4      | Found an opulent altar of Gozag.
  3482 | D:4      | Reached XP level 7. HP: 45/50 MP: 18/18
  4134 | D:4      | Found a basalt altar of Yredelemnul.
  4343 | D:5      | Entered Level 5 of the Dungeon
  4429 | D:5      | Found a staircase to the Ecumenical Temple.
  4436 | Temple   | Entered the Ecumenical Temple
  4460 | Temple   | Became a worshipper of Nemelex Xobeh the Trickster
  4814 | D:5      | Found a sacrificial altar of Ru.
  4815 | D:5      | Found a stormy altar of Qazlal.
  4815 | D:5      | Noticed Grinder
  4824 | D:5      | Killed Grinder
  4825 | D:5      | Reached XP level 8. HP: 58/58 MP: 19/19
  4874 | D:5      | Noticed Pikel
  4918 | D:4      | Killed Pikel
  4919 | D:4      | Reached skill level 8 in Spellcasting
  5216 | D:6      | Reached XP level 9. HP: 65/65 MP: 21/21
  5218 | D:6      | Found a transporter.
  5276 | D:6      | Found a transporter.
  5290 | D:6      | Noticed Tenar's ghost (novice DsEE)
  5324 | D:6      | Reached * piety under Nemelex Xobeh
  5538 | D:6      | Reached skill level 5 in Crossbows
  5538 | D:6      | Reached skill level 5 in Armour
  5538 | D:6      | Reached skill level 5 in Dodging
  5787 | D:6      | Received a gift from Nemelex Xobeh
  5818 | D:6      | Reached skill level 5 in Stealth
  6005 | D:6      | Noticed a troll
  6020 | D:6      | Killed a troll
  6021 | D:6      | Reached skill level 5 in Invocations
  6424 | D:6      | Reached XP level 10. HP: 62/73 MP: 14/22
  6831 | D:6      | Killed Tenar's ghost
  6832 | D:6      | Reached skill level 5 in Fighting
  6832 | D:6      | Reached skill level 5 in Short Blades
  6832 | D:6      | Reached skill level 5 in Long Blades
  6832 | D:6      | Reached skill level 5 in Axes
  6832 | D:6      | Reached skill level 5 in Maces & Flails
  6832 | D:6      | Reached skill level 5 in Polearms
  6832 | D:6      | Reached skill level 5 in Staves
  6832 | D:6      | Reached skill level 5 in Slings
  6832 | D:6      | Reached skill level 5 in Bows
  6832 | D:6      | Reached skill level 5 in Throwing
  6832 | D:6      | Reached skill level 5 in Shields
  6832 | D:6      | Reached skill level 5 in Unarmed Combat
  6832 | D:6      | Reached skill level 5 in Evocations
  7227 | D:7      | Received a gift from Nemelex Xobeh
  7324 | D:7      | Identified the +0 leather armour of the Hall of Blades
                  | {Regen+ Stlth+}
  7342 | D:7      | Reached skill level 9 in Spellcasting
  7605 | D:7      | Reached ** piety under Nemelex Xobeh
  7620 | D:7      | Found a radiant altar of Vehumet.
  7643 | D:7      | You fall into a shaft and drop 3 floors!
  7643 | D:10     | Entered Level 10 of the Dungeon
  7817 | D:9      | Received a gift from Nemelex Xobeh
  7828 | D:8      | Noticed Harold
  7837 | D:8      | Killed Harold
  7838 | D:8      | Reached XP level 11. HP: 81/81 MP: 24/24
  7912 | D:8      | Reached skill level 5 in Conjurations
  7912 | D:8      | Reached skill level 5 in Hexes
  7912 | D:8      | Reached skill level 5 in Summonings
  7912 | D:8      | Reached skill level 5 in Necromancy
  7912 | D:8      | Reached skill level 5 in Translocations
  7912 | D:8      | Reached skill level 5 in Transmutations
  7912 | D:8      | Reached skill level 5 in Fire Magic
  7912 | D:8      | Reached skill level 5 in Air Magic
  7912 | D:8      | Reached skill level 5 in Earth Magic
  7912 | D:8      | Reached skill level 5 in Poison Magic
  8115 | D:8      | Noticed a two-headed ogre
  8122 | D:8      | Killed a two-headed ogre
  8195 | D:8      | Noticed Erica
  8197 | D:8      | Noticed Erica
  8197 | D:8      | Erica changed into Erica the wind drake
  8207 | D:8      | Killed Erica the wind drake
  8207 | D:8      | Noticed Psyche
  8216 | D:8      | Killed Psyche
  8330 | D:8      | Noticed Gastronok
  8338 | D:8      | Killed Gastronok
  8723 | D:8      | Found Ceng's Book Shoppe.
  8983 | D:8      | Found Iloeseur's Magic Scroll Shoppe.
  8993 | D:8      | Bought a scroll of blinking for 120 gold pieces
  8993 | D:8      | Bought a scroll of teleportation for 48 gold pieces
  8993 | D:8      | Bought a scroll of immolation for 56 gold pieces
  8993 | D:8      | Bought a scroll of teleportation for 48 gold pieces
  9000 | D:8      | Gained mutation: Your system is resistant to poisons.
                  | (rPois) [potion of mutation]
  9000 | D:8      | Gained mutation: Your body sometimes deteriorates upon
                  | taking damage. [potion of mutation]
  9268 | D:8      | Found Peuwkul's Jewellery Shop.
  9357 | D:9      | Noticed a two-headed ogre
  9361 | D:9      | Killed a two-headed ogre
  9492 | D:9      | Reached *** piety under Nemelex Xobeh
  9538 | D:9      | Found Neffiel's Magic Scroll Emporium.
  9772 | D:10     | Found a staircase to the Orcish Mines.
  9780 | D:10     | Received a gift from Nemelex Xobeh
  9792 | D:10     | Reached skill level 10 in Spellcasting
  9792 | D:10     | Reached XP level 12. HP: 82/89 MP: 24/26
 10076 | D:10     | Found an ornate altar of the Wu Jian Council.
 10817 | D:11     | Found a staircase to the Lair.
 10936 | D:11     | Reached **** piety under Nemelex Xobeh
 11208 | D:11     | Noticed a fire giant
 11213 | D:11     | Noticed an eleionoma
 11213 | D:11     | a fire giant changed into an eleionoma
 11217 | D:11     | Killed an eleionoma
 11229 | D:11     | Noticed a fire dragon
 11236 | D:11     | Killed a fire dragon
 11276 | D:11     | Noticed a boulder beetle
 11283 | D:11     | a boulder beetle changed into a wolf spider
 11481 | D:12     | Identified the +4 trident of Sunlight {drain, rElec}
 11578 | D:12     | Noticed a two-headed ogre
 11582 | D:12     | Killed a two-headed ogre
 11952 | D:12     | Noticed Josephine
 11964 | D:12     | Killed Josephine
 12092 | D:12     | Noticed Erolcha
 12097 | D:12     | Cast into level 1 of the Abyss (Erolcha)
 12132 | Abyss:1  | Identified the +7 shortbow "Qiuriuvidd" {freeze, Stlth+}
 12222 | Abyss:1  | Noticed a tentacled starspawn
 12233 | Abyss:1  | Killed a tentacled starspawn
 12234 | Abyss:1  | Reached XP level 13. HP: 60/98 MP: 27/27
 12343 | Abyss:1  | Gained mutation: Your magical capacity is low. (-10% MP) [a
                  | neqoxec]
 12344 | Abyss:1  | Gained mutation: You do not regenerate when monsters are
                  | visible. [a neqoxec]
 12484 | Abyss:1  | Received a gift from Nemelex Xobeh
 12502 | Abyss:1  | Noticed a tentacled starspawn
 12532 | Abyss:1  | Noticed an ancient lich
 12546 | Abyss:1  | Found a corrupted altar of Lugonu.
 12556 | Abyss:1  | HP: 1/95 [something/crystal spear (49)]
 12557 | Abyss:1  | Slain by an ancient lich

Illustrated notes

Levels and vault maps discovered:
D:1:      lightli_arrival_statue_moat, layout_rooms,
          nicolae_figureground_sparkle
D:2:      layout_loops_corners, uniq_sigmund
D:3:      layout_rooms, hellmonk_ecumenical_altar_lost_god, grunt_ministairs_10,
          minmay_misc_feat_columns, uniq_ijyb
D:4:      layout_basic, nicolae_overflow_hidden_temple, grunt_gozag_statues,
          serial_bayou_lake_a
D:5:      layout_rooms, grunt_temple_overflow_open, minmay_temple_entry_hall,
          uniq_grinder, uniq_pikel
D:6:      kennysheep_windowed_halls, layout_basic, gammafunk_ghost_stat_death
D:7:      layout_basic, vehumet_statue, moated_statue,
          chequers_decorated_corner, minmay_misc_feat_x, skrybe_limestone_x
D:8:      layout_cave_pods, serial_shops, shop_fountains,
          nicolae_shop_advertising_works [nicolae_subvault_shop_adworks],
          nicolae_shop_behind_doors, uniq_harold, uniq_psyche, uniq_erica,
          uniq_gastronok
D:9:      layout_rooms, serial_shops, kennysheep_mini
D:10:     layout_stronghold, pdpol_wu_jian_five_deadly_venoms,
          minmay_orc_entry_temple_small, grunt_ogre_cave,
          chequers_serial_rivers_micro_a
D:11:     layout_loops_ring, due_lair_maze_entry_diamond, minmay_three_doors
D:12:     layout_roguey, uniq_josephine, uniq_erolcha
Temple:   kb_temple_of_zot
Abyss:1:  base:
D:12

Skill      XL: |  1  2  3  4  5  6  7  8  9 10 11 12 13 |
---------------+----------------------------------------+-----
Invocations    | 1 2 3 4 5 6 7 8 |  8.8
Fighting       | 1 2 3 4 5 6 7 8 |  8.1
Short Blades   | 1 2 3 4 5 6 7 8 |  8.1
Long Blades    | 1 2 3 4 5 6 7 8 |  8.1
Axes           | 1 2 3 4 5 6 7 8 |  8.1
Maces & Flails | 1 2 3 4 5 6 7 8 |  8.1
Polearms       | 1 2 3 4 5 6 7 8 |  8.1
Staves         | 1 2 3 4 5 6 7 8 |  8.1
Slings         | 1 2 3 4 5 6 7 8 |  8.1
Bows           | 1 2 3 4 5 6 7 8 |  8.1
Crossbows      | 3 4 5 6 7 8 |  8.5
Throwing       | 1 2 3 4 5 6 7 8 |  8.1
Armour         | 3 4 5 6 7 8 |  8.5
Dodging        | 3 4 5 6 7 8 |  8.5
Shields        | 1 2 3 4 5 6 7 8 |  8.1
Unarmed Combat | 1 2 3 4 5 6 7 8 |  8.1
Conjurations   | 1 2 3 4 5 6 |  6.7
Hexes          | 1 2 3 4 5 6 |  6.7
Summonings     | 1 2 3 4 5 6 |  6.7
Necromancy     | 1 2 3 4 5 6 |  6.7
Translocations | 1 2 3 4 5 6 |  6.7
Transmutations | 1 2 3 4 5 6 |  6.7
Fire Magic     | 1 2 3 4 5 6 |  6.7
Air Magic      | 1 2 3 4 5 6 |  6.7
Earth Magic    | 1 2 3 4 5 6 |  6.7
Poison Magic   | 1 2 3 4 5 6 |  6.7
Evocations     | 1 2 3 4 5 6 7 8 |  8.1
Stealth        | 3 4 5 6 7 8 |  8.4
Ice Magic      | 6 7 8 |  8.7
Spellcasting   | 8 9 10 | 10.8

Action                   |  1- 3 |  4- 6 |  7- 9 | 10-12 | 13-15 || total
-------------------------+-------+-------+-------+-------+-------++-------
Melee: Morningstar       |       |    80 |    96 |       |       ||   176
       Bite              |       |    10 |    25 |     4 |       ||    39
       Unarmed           |       |     8 |       |       |       ||     8
       Dagger            |       |       |     6 |       |       ||     6
       Spear             |       |       |   139 |    19 |       ||   158
       Punch             |       |       |     1 |     1 |       ||     2
       Trident           |       |       |       |     6 |       ||     6
       Arbalest          |       |       |       |       |     1 ||     1
 Fire: Hand crossbow     |    47 |     6 |    19 |       |       ||    72
       Arbalest          |       |       |       |   362 |    59 ||   421
Throw: Javelin           |       |       |       |     2 |       ||     2
 Cast: Freeze            |    29 |    21 |    20 |    21 |       ||    91
       Frozen Ramparts   |       |       |    18 |    21 |     1 ||    40
       Ozocubu's Armour  |       |       |     6 |     1 |       ||     7
Invok: Draw Destruction  |       |       |     2 |    25 |     1 ||    28
       Draw Escape       |       |       |       |     3 |       ||     3
       Draw Summoning    |       |       |       |     4 |     1 ||     5
Evoke: Wand              |       |       |     4 |     1 |       ||     5
  Use: Scroll            |     3 |     4 |     5 |    14 |     4 ||    30
       Potion            |     1 |       |       |     2 |       ||     3
 Stab: Paralysed         |       |       |     6 |       |       ||     6
       Sleeping          |       |       |     1 |       |       ||     1
Armor: Scale mail        |    18 |    59 |   176 |    70 |       ||   323
       Skin              |       |     3 |       |       |       ||     3
       Leather armour    |       |       |       |    89 |    10 ||    99
Dodge: Dodged            |    13 |    87 |   207 |   279 |    26 ||   612

Table legend: (Time is in decaauts)
 A = Elapsed time spent in this place.
 B = Non-inter-level travel time spent in this place.
 C = Inter-level travel time spent in this place.
 D = Time resting spent in this place.
 E = Time spent auto-exploring this place.
 F = Levels seen in this place.
 G = Mean time per level.
                   A        B        C        D        E       F      G
               +--------+--------+--------+--------+--------+-----+--------+
         Total |  12882 |  12166 |    716 |     28 |   9381 |  14 |  920.1 |
       Dungeon |  12257 |  11562 |    695 |     28 |   9087 |  12 | 1021.4 |
        Temple |    127 |    106 |     21 |      0 |     91 |   1 |  127.0 |
         Abyss |    497 |    497 |      0 |      0 |    203 |   1 |  497.0 |
               +--------+--------+--------+--------+--------+-----+--------+

Top non-repeatable levels by time:
     D:6: 1695 daAuts
     D:2: 1501 daAuts
     D:8: 1256 daAuts
     D:4: 1236 daAuts
     D:7: 1085 daAuts
    D:10: 1060 daAuts
     D:3: 936 daAuts
    D:11: 917 daAuts
     D:1: 797 daAuts
     D:5: 714 daAuts
    D:12: 596 daAuts
 Abyss:1: 497 daAuts
     D:9: 459 daAuts
  Temple: 127 daAuts
